 Dungeon Crawl Stone Soup version 0.24-a0-479-g9a978d2894 (webtiles) character file.

Game seed: 17355550114043527546

228 Murumi the Shield-Bearer (level 6, 0/48 HPs)
             Began as a Formicid Fighter on July 8, 2019.
             Blown up by a hobgoblin (32 damage)
             ... with a disintegration bolt
             ... on level 3 of the Dungeon.
             The game lasted 00:11:20 (2632 turns).

Murumi the Shield-Bearer (Formicid Fighter)         Turns: 2632, Time: 00:11:20

Health: 0/48       AC:  9    Str: 20    XL:     6   Next: 23%
Magic:  6/6        EV:  7    Int: 10    God:
Gold:   120        SH: 10    Dex: 10    Spells: 5/5 levels left

rFire    . . .     SeeInvis +   a - +0 long sword
rCold    . . .     Gourm    .   c - +0 shield
rNeg     . . .     Faith    .   h - +0 chain mail
rPois    .         Spirit   .   (helmet unavailable)
rElec    .         Reflect  .   (no cloak)
rCorr    .         Harm     .   (no gloves)
MR       .....                  (no boots)
Stlth    ..........             (no amulet)
HPRegen  0.16/turn              (no ring)
MPRegen  0.10/turn              (no ring)

@: no status effects
A: permanent stasis, dig shafts and tunnels, four strong arms, antennae 3
a: Dig, Shaft Self


You were on level 3 of the Dungeon.
You were not hungry.

You visited 1 branch of the dungeon, and saw 3 of its levels.

You collected 120 gold pieces.

Inventory:

Hand Weapons
 a - a +0 long sword (weapon)
Missiles
 e - 48 stones (quivered)
 g - a curare-tipped dart
Armour
 c - a +0 shield (worn)
 h - a +0 chain mail (worn)
Scrolls
 l - a scroll of remove curse
Potions
 b - a potion of curing
 d - a potion of might
 i - a potion of ambrosia
 j - a potion of magic {unknown}
 m - a potion of resistance {unknown}
Comestibles
 f - a ration
 k - a chunk of flesh


   Skills:
 - Level 4.0 Fighting
 - Level 3.4 Long Blades
 - Level 4.0 Armour
 - Level 1.4 Dodging
 + Level 5.5 Shields


You had 5 spell levels left.
You didn't know any spells.
Your spell library was empty.

Dungeon Overview and Level Annotations

Branches:
Dungeon (3/15)

Altars:


Innate Abilities, Weirdness & Mutations

You cannot be hasted, slowed, berserked, paralysed or teleported.
You can dig through walls and to a lower floor.
Your four strong arms can wield two-handed weapons with a shield.
You have a pair of large antennae on your head. (SInv)


Message History

Throwing (i - inventory. (/) - cycle)
g - 2 curare-tipped darts (quivered)
Press: ? - help, Shift-Dir - straight line, f - hobgoblin
Aim: a hobgoblin, wielding a +0 club, wearing a +0 robe and carrying a wand of disintegration (19) (hasn't noticed you)
You throw a curare-tipped dart.
The curare-tipped dart completely misses the hobgoblin.
The hobgoblin shouts!
The hobgoblin zaps a wand.
You are blasted!
Quiver which item? (- for none, * to show all) (? for menu, Esc to quit)
Quivering
e - 49 stones for throwing.
Throwing (i - inventory. (/) - cycle)
e - 49 stones (quivered)
Press: ? - help, Shift-Dir - straight line, f/p - hobgoblin
Aim: a hobgoblin, wielding a +0 club, wearing a +0 robe and carrying a wand of disintegration (18)
You throw a stone.
The stone completely misses the hobgoblin.
You see here a bullfrog corpse.
The hobgoblin hits you but does no damage.
You hit the hobgoblin but do no damage.
The hobgoblin zaps a wand.
You are blasted!
Ouch! That really hurt!
You die...

#.#.# #.#.# #.#.#
#.#.# #.#.#
#.#.#######
#.#.##....####..
#.#.)[†(.(......
#.####..@g(.....
#.#......#..(.#.
#####.#.###.........
#.....# .....##...
#.##### ##....##...
#÷# #......... #.#
...#....#. #.#
.......... #.#


You could see a hobgoblin.

Vanquished Creatures
  A bullfrog (D:3)
  An orc wizard (D:3)
  A worker ant (D:1)
  A gnoll (D:1)
  2 adders (D:2)
  2 oozes
  2 worms (D:2)
  3 dart slugs
  4 orcs (D:3)
  6 bats
  5 goblins
  9 hobgoblins
  3 jackals (D:1)
  2 quokkas
  6 frilled lizards
  7 kobolds
  8 rats
63 creatures vanquished.

Notes
Turn   | Place    | Note
-------+----------+-------------------------------------------
     0 | D:1      | Murumi the Formicid Fighter began the quest for the Orb.
     0 | D:1      | Reached XP level 1. HP: 18/18 MP: 1/1
   101 | D:1      | Reached skill level 1 in Dodging
   101 | D:1      | Reached XP level 2. HP: 18/24 MP: 2/2
   261 | D:1      | Reached skill level 4 in Shields
   454 | D:1      | Reached XP level 3. HP: 11/29 MP: 3/3
  1027 | D:1      | Reached XP level 4. HP: 18/35 MP: 4/4
  1908 | D:2      | Reached XP level 5. HP: 40/42 MP: 5/5
  2600 | D:3      | Noticed a bullfrog
  2619 | D:3      | Killed a bullfrog
  2619 | D:3      | Reached skill level 5 in Shields
  2619 | D:3      | Reached XP level 6. HP: 38/48 MP: 6/6
  2632 | D:3      | Blown up by a hobgoblin

Levels and vault maps discovered:
D:1:      ncdulo_wetmaze, layout_rooms
D:2:      layout_basic, minmay_cupped
D:3:      layout_basic, lemuel_crystal_altar,
          gammafunk_temple_overflow_elements, skrybe_limestone_x,
          hangedman_decor_peaks_small, kennysheep_cross_bottleneck, uniq_sigmund

Skill      XL: |  1  2  3  4  5 |
---------------+----------------+-----
Dodging        | 1 |  1.4
Shields        | 4 5 |  5.5
Long Blades    | 3 |  3.4
Fighting       | 4 |  4.0
Armour         | 4 |  4.0

Action                   |  1- 3 |  4- 6 || total
-------------------------+-------+-------++-------
Melee: Long sword        |    73 |   157 ||   230
Throw: Stone             |    48 |   101 ||   149
       Dart              |       |     4 ||     4
  Use: Scroll            |     5 |     3 ||     8
  Eat: Chunk             |       |     6 ||     6
Armor: Scale mail        |    16 |       ||    16
       Chain mail        |     5 |    72 ||    77
Dodge: Dodged            |    24 |    39 ||    63
Block: Shield            |    36 |    89 ||   125
       Rpst.: Long sword |     8 |    15 ||    23

Table legend:
 A = Non-vault XP
 B = Vault XP
 C = Vault XP percentage of total XP
 D = Non-vault monster count
 E = Vault monster count
 F = Vault count percentage of total count
                 A         B        C        D         E       F
            +---------+---------+-------+---------+---------+-------
      Total |     322 |       5 |   1.5 |      60 |       3 |   4.8
            +---------+---------+-------+---------+---------+-------
        D:1 |      88 |       0 |   0.0 |      22 |       0 |   0.0
        D:2 |      79 |       5 |   6.0 |      28 |       3 |   9.7
        D:3 |     155 |       0 |   0.0 |      10 |       0 |   0.0
            +---------+---------+-------+---------+---------+-------
